 Dungeon Crawl Stone Soup version 0.20-a0-1017-gc3250ce (webtiles) character file.

307 Zoots the Sneak (level 6, -1/46 HPs)
             Began as a Vampire Assassin on Apr 16, 2017.
             Was an Initiate of Yredelemnul.
             Slain by an ogre
             ... wielding a cursed -2 giant spiked club
              (15 damage)
             ... on level 4 of the Dungeon.
             The game lasted 00:19:17 (4218 turns).

Zoots the Sneak (Vampire Assassin)                  Turns: 4218, Time: 00:19:17

Health: -1/46      AC:  7    Str: 10    XL:     6   Next: 16%
Magic:  6/6        EV: 13    Int: 13    God:    Yredelemnul [......]
Gold:   140        SH:  0    Dex: 18    Spells: 5/5 levels left

rFire    . . .     SeeInvis +   k - -2 dagger (curse)
rCold    . . .     Gourm    .   (no shield)
rNeg     + . .     Faith    .   j - +1 leather armour
rPois    .         Spirit   .   (no helmet)
rElec    .         Reflect  .   n - scarf {repulsion}
rCorr    .         Harm     .   (no gloves)
MR       .....                  r - +2 pair of boots
Stlth    +++.......             (no amulet)
Regen    0.2/turn               (no ring)
MPRegen  0.1/turn               (no ring)

@: repel missiles
A: fangs 3, see invisible, unbreathing
a: Bat Form, Renounce Religion


You were on level 4 of the Dungeon.
You worshipped Yredelemnul.
Yredelemnul was noncommittal.
You were not thirsty.

You visited 1 branch of the dungeon, and saw 4 of its levels.

You collected 140 gold pieces.

Inventory:

Hand Weapons
 a - a +2 dagger
 b - a +0 blowgun
 k - a cursed -2 dagger (weapon)
 q - a +1 dagger of electrocution
Missiles
 e - 22 poisoned needles
 f - 2 curare-tipped needles
Armour
 d - a +0 cloak
 j - a +1 leather armour (worn)
 n - a scarf of repulsion (worn)
 r - a +2 pair of boots (worn)
Jewellery
 c - an uncursed ring of positive energy {unknown}
Scrolls
 i - 4 scrolls of identify
 l - a scroll of amnesia
 m - a scroll of recharging
Potions
 o - 3 potions of curing {unknown}
 s - a potion of degeneration {unknown}
 t - a potion of invisibility {unknown}
Comestibles
 h - 2 royal jellies


   Skills:
 - Level 2.5 Fighting
 + Level 5.4 Short Blades
 - Level 1.5 Throwing
 - Level 3.5 Dodging
 + Level 6.6 Stealth


You had 5 spell levels left.
You didn't know any spells.

Dungeon Overview and Level Annotations

Branches:
Dungeon (4/15)
 Temple: D:4-7

Altars:
Ashenzari
Okawaru
Uskayaw
Wu Jian
Yredelemnul


Innate Abilities, Weirdness & Mutations

You have razor-sharp teeth.
You have supernaturally acute eyesight. (SInv)
You can survive without breathing.


Message History

The ogre is severely wounded.
You hit the ogre but do no damage.
The ogre is severely wounded.
The ogre closely misses you.
You hit the ogre but do no damage. Your bite misses the ogre.
The ogre is severely wounded.
The ogre closely misses you. The ogre closely misses you.
You hit the ogre.
The ogre is severely wounded.
You hit the ogre but do no damage.
The ogre is severely wounded.
The ogre hits you with a giant spiked club!
You hit the ogre.
The ogre is severely wounded.
You barely miss the ogre.
The ogre is severely wounded.
The ogre hits you with a giant spiked club!
You die...
Yredelemnul claims you as an undead slave.

###.....#
#...........
#.....#
#...........
#.....#
#...........
#.....#
#...........
#....)#
#...........
#.....#
#.....(...%.
#.....#
########.###
#..O..#
#.###
#..@..#
#....
#.....#
#####
#.....#
#######


You could see an ogre.

Vanquished Creatures
  An ogre (D:4)
  An orc wizard (D:3)
  2 worker ants (D:4)
  5 adders
  2 oozes
  2 worms
  3 dart slugs
  3 leopard geckos (D:3)
  8 orcs (D:3)
  5 bats
  2 giant cockroaches (D:1)
  7 goblins
  5 hobgoblins
  6 jackals
  3 quokkas
  2 ball pythons (D:2)
  3 frilled lizards
  3 kobolds
  7 rats
70 creatures vanquished.

Notes
Turn   | Place    | Note
-------+----------+-------------------------------------------
     0 | D:1      | Zoots the Vampire Assassin began the quest for the Orb.
     0 | D:1      | Reached XP level 1. HP: 16/16 MP: 1/1
   285 | D:1      | Reached XP level 2. HP: 22/22 MP: 2/2
   970 | D:1      | Reached XP level 3. HP: 12/27 MP: 3/3
  1499 | D:2      | Found an iron altar of Okawaru.
  1710 | D:2      | Reached XP level 4. HP: 21/34 MP: 4/4
  2124 | D:3      | Found a faded altar of an unknown god.
  2920 | D:3      | Reached XP level 5. HP: 14/39 MP: 5/5
  3231 | D:3      | Found a faded altar of an unknown god.
  3231 | D:3      | Found a basalt altar of Yredelemnul.
  3236 | D:3      | Found a hide-covered altar of Uskayaw.
  3238 | D:3      | Found a shattered altar of Ashenzari.
  3239 | D:3      | Found a faded altar of an unknown god.
  3259 | D:3      | Became a worshipper of Yredelemnul the Dark
  3381 | D:4      | Reached skill level 6 in Stealth
  3683 | D:4      | Found an ornate altar of the Wu Jian Council.
  3688 | D:4      | Noticed an ogre
  3758 | D:4      | Killed an ogre
  3758 | D:4      | Reached skill level 5 in Short Blades
  3758 | D:4      | Reached XP level 6. HP: 31/46 MP: 6/6
  4218 | D:4      | Slain by an ogre

Vault maps used:
D:1:      doesnt_arrival_eight_statues
D:2:      nicolae_overflow_hidden_temple, serial_glass, glass_columns_c,
          glass_columns_a, glass_columns_c, glass_columns_b, glass_columns_a,
          glass_columns_b
D:3:      chequers_temple_overflow_minitemple, chequers_ecumenical_altar_simple
D:4:      lemuel_crystal_altar, first_bread

Skill      XL: |  1  2  3  4  5 |
---------------+----------------+-----
Fighting       | 2 |  2.5
Short Blades   | 3 4 5 |  5.4
Dodging        | 2 3 |  3.5
Stealth        | 6 |  6.6
Throwing       | |  1.5

Action                   |  1- 3 |  4- 6 || total
-------------------------+-------+-------++-------
Melee: Dagger            |   210 |   339 ||   549
       Bite              |    25 |    52 ||    77
  Use: Scroll            |     5 |     5 ||    10
       Potion            |     1 |     2 ||     3
 Stab: Sleeping          |     7 |     6 ||    13
       Distracted        |       |     1 ||     1
  Eat: Corpse            |     4 |     7 ||    11
Armor: Robe              |     4 |       ||     4
       Leather armour    |    71 |    69 ||   140
Dodge: Dodged            |   147 |   162 ||   309
       Deflected         |       |     1 ||     1
